 Dungeon Crawl Stone Soup version 0.31.0-12-g77e489cdc1 (webtiles) character file.

Game seed: 4212889076866032973

14786 Silvore the Basher (level 11, -1/102 HPs)
             Began as a Minotaur Fighter on Feb 22, 2024.
             Was an Elder of the Shining One.
             Slain by a skeletal warrior
             ... wielding a +0 glaive
              (15 damage)
             ... on level 12 of the Dungeon.
             The game lasted 00:19:30 (10611 turns).

Silvore the Basher (Minotaur Fighter)              Turns: 10611, Time: 00:19:30

Health: -1/102     AC: 19    Str: 31    XL:     11   Next: 93%
Magic:  6/11       EV:  9    Int:  8    God:    the Shining One [****..]
Gold:   668        SH:  6    Dex: 10    Spells: 10/10 levels left

rFire   . . .        k - +8 morningstar "Gosorr" {venom, rElec rN+ Will+}
rCold   . . .        c - +1 buckler
rNeg    + + +        s - +0 plate armour
rPois   .            H - +2 hat {Int+3}
rElec   +            B - +1 cloak
rCorr   .            (no gloves)
SInv    .            (no boots)
Will    +....        (no amulet) Stlth
                     E - +6 ring of strength
HPRegen 0.37/turn    (no ring)
MPRegen 0.12/turn

%: no passive effects
@: glowing
A: horns 2, retaliatory headbutt
a: Renounce Religion, Divine Shield, Cleansing Flame


You were on level 12 of the Dungeon.
You worshipped the Shining One.
The Shining One was greatly pleased with you.
You visited 2 branches of the dungeon, and saw 13 of its levels.
You also visited: Sewer.

You collected 911 gold pieces.
You donated 243 gold pieces to Zin.

Inventory:

Hand Weapons
 a - a +1 flail
 k - the +8 morningstar "Gosorr" (weapon) {venom, rElec rN+ Will+}
   (You acquired it in a sewer)

   rElec:     It insulates you from electricity.
   rN+:       It protects you from negative energy.
   Will+:     It increases your willpower.
 p - the +5 dagger of Boimucep {venom, *Noise ^Drain Str+7 SInv}
   (You found it on level 5 of the Dungeon)

   Str+7:     It affects your strength (+7).
   SInv:      It lets you see invisible.
   *Noise:    It may make a loud noise when swung.
   ^Drain:    It drains your maximum health when unequipped.
Missiles
 A - a throwing net (quivered)
Armour
 b - a +0 scale mail
 c - a +1 buckler (worn)
 s - a +0 plate armour (worn)
 t - +0 acid dragon scales
 B - a +1 cloak (worn)
 C - a +1 hat
 H - a +2 hat of intelligence (worn)
Jewellery
 E - a +6 ring of strength (left hand)
Wands
 m - a wand of charming (11)
 v - a wand of roots (5)
 x - a wand of polymorph (15)
 D - a wand of light (8)
Scrolls
 d - a scroll of fear
 l - 5 scrolls of teleportation
 r - a scroll of enchant weapon
 u - a scroll of amnesia
Potions
 e - 4 potions of curing
 f - a potion of mutation
 g - 3 potions of haste
 h - a potion of heal wounds
 i - 2 potions of degeneration
 j - 2 potions of might
 n - a potion of berserk rage
 o - a potion of enlightenment
 q - 5 potions of lignification
 w - 2 potions of cancellation
 z - a potion of resistance
 F - 3 potions of brilliance
 G - a potion of attraction


   Skills:
 + Level 11.0 Fighting
 + Level 14.7 Maces & Flails
 + Level 11.9 Armour
 + Level 3.8 Dodging
 + Level 1.8 Stealth
 + Level 8.1 Shields
 + Level 2.6 Invocations


You had 10 spell levels left.
You didn't know any spells.
Your spell library contained the following spells:

 Spells                   Type           Power      Damage    Failure   Level
 Cigotuvi's Dreadful Rot  Necr/Alch/Air  0%         N/A       99%         2
 Frozen Ramparts          Ice            0%         1d1       100%        3
 Ignite Poison            Fire/Alch      0%         N/A       100%        4
 Leda's Liquefaction      Alch/Erth      0%         N/A       100%        4
 Petrify                  Alch/Erth      0%         N/A       100%        4
 Alistair's Intoxication  Alch           0%         N/A       100%        5
 Borgnjor's Vile Clutch   Necr/Erth      0%         N/A       100%        5
 Freezing Cloud           Conj/Ice/Air   0%         6-21      100%        5
 Lee's Rapid Deconstruct  Erth           0%         3d4*      100%        5
 Metabolic Englaciation   Hex/Ice        0%         N/A       100%        5
 Bombard                  Conj/Erth      0%         9d1       100%        6
 Eringya's Noxious Bog    Alch           0%         4d6       100%        6


Dungeon Overview and Level Annotations

Branches:
Dungeon (12/15)            Temple (1/1) D:5            Lair (0/5) D:10
    Orc (0/2) D:10          Sewer (visited)

Altars:
Ashenzari
Cheibriados
Dithmenos
Elyvilon
Fedhas
Gozag
Hepliaklqana
Kikubaaqudgha
Makhleb
Nemelex Xobeh
Okawaru
Qazlal
Ru
Sif Muna
Trog
Uskayaw
Vehumet
Wu Jian
Xom
Yredelemnul
Zin
The Shining One

Shops:
D:3 *   D:4 :   D:8 (   D:9 :


Innate Abilities, Weirdness & Mutations

You have a pair of horns on your head.
You reflexively headbutt those who attack you in melee.


Message History

You block the skeletal warrior's attack.
Activating: Cleansing Flame (63% risk of failure)
Press: ? - help, Dir - look around, f - activate You fail to use your ability.
The skeletal warrior barely misses you.
The skeletal warrior hits you but does no damage.
The skeletal warrior hits you from afar with a +0 glaive.
You hit the skeletal warrior but do no damage.
The skeletal warrior is severely damaged.
You block the skeletal warrior's attack.
The skeletal warrior hits you with a +0 dire flail!
* * * LOW HITPOINT WARNING * * *
The skeletal warrior closely misses you.
You feel much better.
The skeletal warrior hits you from afar with a +0 trident.
The skeletal warrior hits you with a +0 dire flail!!
* * * LOW HITPOINT WARNING * * *
The skeletal warrior hits you but does no damage.
Activating: Cleansing Flame (63% risk of failure)
Press: ? - help, Dir - look around, f - activate You fail to use your ability.
You block the skeletal warrior's attack.
The skeletal warrior barely misses you. x2
Activating: Cleansing Flame (63% risk of failure)
Press: ? - help, Dir - look around, f - activate The golden flame engulfs you but does no damage.
You resist.
The golden flame engulfs the skeletal warrior!!
The skeletal warrior writhes in agony!
You destroy the skeletal warrior!
The Shining One accepts your kill.
The golden flame engulfs the skeletal warrior.
The skeletal warrior writhes in agony!
The skeletal warrior is lightly damaged.
The golden flame engulfs the skeletal warrior.
The skeletal warrior writhes in agony!
The skeletal warrior is lightly damaged.
The skeletal warrior hits you from afar with a +0 trident!
* * * LOW HITPOINT WARNING * * *
The skeletal warrior hits you from afar with a +0 glaive!
You die...

#...................
#.....#####'#######+
.....###.....#
....##.....##
###..#.....##
#....#....##
#....'...##
#....#..## #.@).#.##
#....### #zz..#
#'#..# ...#..#
.....#..#
.......#..+
.......#..#
.......#..#


You could see 2 skeletal warriors.

Vanquished Creatures
  Gastronok (D:8)
  A centaur warrior (D:8)
  3 two-headed ogres
  A skeletal warrior (D:12)
  2 manticores (D:11)
  An unseen horror (D:11)
  Jeremiah (D:9)
  3 trolls
  2 hornets
  3 wyverns (D:10)
  A wraith (D:11)
  A basilisk (D:10)
  A steam dragon (D:9)
  16 yaks
  3 vampire mosquitoes (D:9)
  6 water moccasins
  3 acid dragons
  Duvessa (D:4)
  6 orc warriors
  A sky beast (D:7)
  4 black bears
  2 ogres (D:5)
  3 wolves (D:10)
  A centaur (D:11)
  A phantom (D:4)
  A weeping skull (D:5)
  A kobold brigand (D:8)
  2 brain worms (Sewer)
  A gnoll sergeant (D:11)
  2 bullfrogs (D:9)
  8 wights
  Dowan (D:4)
  7 killer bees (D:8)
  6 electric eels
  A howler monkey (D:9)
  A lava snake (D:9)
  5 hounds
  3 jellies
  7 orc priests
  4 iguanas
  2 gnoll boudas (D:8)
  18 orc wizards
  3 sleepcaps
  5 gnolls
  2 river rats (Sewer)
  9 adders
  A white imp (D:7)
  8 ufetubi
  2 dart slugs
  2 ribbon worms (D:2)
  55 orcs
  12 endoplasms
  5 giant cockroaches
  10 hobgoblins
  4 jackals (D:1)
  5 kobolds
  3 quokkas
  2 training dummies (D:4)
  13 ball pythons
  2 bats (D:2)
  7 frilled lizards
  4 goblins
  11 rats
  A spectral orc (D:5)
304 creatures vanquished.

Notes
Turn   | Place    | Note
-------+----------+-------------------------------------------
     0 | D:1      | Silvore the Minotaur Fighter began the quest for the Orb.
     0 | D:1      | Reached XP level 1. HP: 19/19 MP: 0/0
    70 | D:1      | Found a faded altar of an unknown god.
    88 | D:1      | Reached skill level 1 in Stealth
    88 | D:1      | Reached XP level 2. HP: 14/27 MP: 1/1
   481 | D:1      | Reached XP level 3. HP: 25/33 MP: 2/2
   954 | D:2      | Reached skill level 1 in Dodging
  1003 | D:2      | Reached skill level 3 in Maces & Flails
  1073 | D:2      | Found a shimmering blue altar of Sif Muna.
  1214 | D:2      | Reached XP level 4. HP: 41/41 MP: 3/3
  1577 | D:3      | Reached skill level 4 in Maces & Flails
  1827 | D:3      | Found an opulent altar of Gozag.
  1828 | D:3      | Found Gozag's Platinum Reserve.
  2258 | D:4      | Noticed a phantom
  2264 | D:4      | Reached XP level 5. HP: 36/47 MP: 4/4
  2271 | D:4      | Killed a phantom
  2272 | D:4      | Reached skill level 5 in Maces & Flails
  2281 | D:4      | Found Tamu's Book Shop.
  2354 | D:4      | Reached XP level 6. HP: 41/53 MP: 5/5
  2534 | D:4      | Found a glowing silver altar of Zin.
  2538 | D:4      | Became a worshipper of Zin the Law-Giver
  2538 | D:4      | Reached * piety under Zin
  2606 | D:4      | Found a glowing drain.
  2635 | Sewer    | Entered a sewer
  2707 | Sewer    | Reached skill level 5 in Armour
  2848 | Sewer    | Reached skill level 5 in Fighting
  3053 | Sewer    | Identified a scroll of acquirement
  3053 | Sewer    | Acquired the +8 morningstar "Gosorr" {venom, rElec rN+
                  | Will+}
  3138 | D:4      | Noticed Duvessa
  3138 | D:4      | Noticed Dowan
  3142 | D:4      | Killed Duvessa
  3143 | D:4      | Reached skill level 6 in Maces & Flails
  3143 | D:4      | Reached XP level 7. HP: 58/61 MP: 6/6
  3146 | D:4      | Killed Dowan
  3180 | D:4      | Found a radiant altar of Vehumet.
  3318 | D:4      | Found an ornate altar of the Wu Jian Council.
  3327 | D:4      | Reached ** piety under Zin
  3557 | D:5      | Entered Level 5 of the Dungeon
  3573 | D:5      | Found a sacrificial altar of Ru.
  3601 | D:5      | Reached skill level 7 in Maces & Flails
  3938 | D:5      | Identified the +5 dagger of Boimucep {venom, *Noise ^Drain
                  | Str+7 SInv}
  3973 | D:5      | Reached XP level 8. HP: 70/70 MP: 7/7
  4125 | D:5      | Found a staircase to the Ecumenical Temple.
  4151 | D:5      | Donated 133 gold pieces to Zin
  4152 | D:5      | Donated 67 gold pieces to Zin
  4345 | D:5      | Found a basalt altar of Yredelemnul.
  4351 | D:5      | Reached skill level 8 in Maces & Flails
  4478 | D:6      | Reached *** piety under Zin
  4728 | D:6      | Reached **** piety under Zin
  4879 | Temple   | Entered the Ecumenical Temple
  4888 | Temple   | Fell from the grace of Zin
  4888 | Temple   | Became a worshipper of the Shining One
  4888 | Temple   | Reached * piety under the Shining One
  4888 | Temple   | Reached ** piety under the Shining One
  5046 | D:7      | Reached skill level 5 in Shields
  5069 | D:7      | Reached skill level 9 in Maces & Flails
  5523 | D:7      | Reached XP level 9. HP: 78/78 MP: 8/8
  6207 | D:8      | Found Ykhieghoph's Antique Weapon Shoppe.
  6214 | D:8      | Reached skill level 10 in Maces & Flails
  6397 | D:8      | Noticed a centaur warrior
  6404 | D:8      | Killed a centaur warrior
  6432 | D:8      | Reached skill level 11 in Maces & Flails
  6437 | D:8      | Reached skill level 1 in Invocations
  6478 | D:8      | Reached *** piety under the Shining One
  6666 | D:8      | Reached XP level 10. HP: 72/90 MP: 10/10
  7037 | D:8      | Noticed Gastronok
  7068 | D:8      | Killed Gastronok
  7069 | D:8      | Reached skill level 12 in Maces & Flails
  7545 | D:9      | Noticed a two-headed ogre
  7560 | D:9      | Killed a two-headed ogre
  7561 | D:9      | Reached skill level 13 in Maces & Flails
  7561 | D:9      | Reached skill level 10 in Armour
  7847 | D:9      | Found Askid's Book Emporium.
  7978 | D:9      | Noticed Jeremiah
  7992 | D:9      | Killed Jeremiah
  8157 | D:9      | Found a burning altar of Makhleb.
  8164 | D:9      | Found a broken altar of Ashenzari.
  8362 | D:9      | Found a hide-covered altar of Uskayaw.
  8448 | D:10     | Entered Level 10 of the Dungeon
  8478 | D:9      | Reached XP level 11. HP: 63/97 MP: 11/11
  8860 | D:10     | Found a staircase to the Orcish Mines.
  8910 | D:10     | Reached skill level 10 in Fighting
  8967 | D:10     | Reached **** piety under the Shining One
  9377 | D:10     | Found a bloodstained altar of Trog.
  9498 | D:10     | Found a staircase to the Lair.
  9864 | D:11     | Reached skill level 14 in Maces & Flails
  9897 | D:11     | Noticed a two-headed ogre
  9921 | D:11     | Killed a two-headed ogre
 10038 | D:11     | Noticed a two-headed ogre
 10044 | D:11     | Killed a two-headed ogre
 10593 | D:12     | Noticed a skeletal warrior
 10594 | D:12     | Noticed a skeletal warrior
 10594 | D:12     | Noticed a skeletal warrior
 10611 | D:12     | Killed a skeletal warrior
 10611 | D:12     | Slain by a skeletal warrior

Illustrated notes

Levels and vault maps discovered:
D:1:      dpeg_arrival_rooms_b, layout_loops_ring,
          shapermc_ecumenical_altar_starsandcircs, dk_noncrumbling_3,
          nicolae_figureground_pulse
D:2:      layout_loops_ring, basic_altar, serial_bayou_pond_d
D:3:      layout_loops_ring, nicolae_gozag_zags_fifth_avenue
D:4:      dreamdust_elfheim, layout_basic, zin_scriptorium,
          general_overflow_altar, pf_just_have_faith, serial_shops,
          nicolae_book_shop_shelving, cheibrodos_sewer_entry_drain
D:5:      layout_loops_ring, yredelemnul_forgotten_temple_becter,
          nicolae_ru_sacrificial_ziggurat, minmay_temple_entry_large_hall
D:6:      layout_rooms
D:7:      layout_basic, grunt_ministairs_14, kennysheep_boxes
D:8:      minmay_opposing_rooms, layout_rooms, serial_shops, shop,
          hangedman_decor_opposing, nicolae_twisty_statue_hallways,
          uniq_gastronok
D:9:      layout_loops_ring, nicolae_uskayaw_suspiria,
          mainiacjoe_overflow_big_doors, serial_shops, nicolae_shop_statue_plus,
          serial_bayou_pond_b, uniq_jeremiah
D:10:     layout_cave_pools, mainiacjoe_overflow_cross_hatched,
          minmay_lair_entry_grove, hiddenorc1_lemuel
D:11:     layout_rooms, kb_lookout_dungeons_type, nrook_loot_triangle
D:12:     layout_grid_maze, minmay_quadrilaterals, uniq_lodul
Temple:   hellmonk_temple_flake

Skill      XL: |  1  2  3  4  5  6  7  8  9 10 11 |
---------------+----------------------------------+-----
Stealth        | 1 |  1.8
Shields        | 4 5 6 7 8 |  8.1
Fighting       | 4 5 6 8 9 11 | 11.0
Armour         | 4 5 6 7 8 10 11 | 11.9
Dodging        | 1 2 3 |  3.8
Maces & Flails | 3 4 5 6 7 9 11 13 14 | 14.7
Invocations    | 1 2 |  2.6

Action                     |  1- 3 |  4- 6 |  7- 9 | 10-12 || total
---------------------------+-------+-------+-------+-------++-------
  Melee: Flail             |    86 |   127 |       |       ||   213
         Headbutt          |    10 |    16 |    31 |    56 ||   113
         Morningstar       |       |     2 |   182 |   266 ||   450
 Invoke: Recite            |       |       |     2 |       ||     2
         Donate Gold       |       |       |     2 |       ||     2
         Divine Shield     |       |       |     1 |     1 ||     2
         Cleansing Flame   |       |       |       |     1 ||     1
    Use: Scroll            |     4 |     8 |     6 |     7 ||    25
         Potion            |       |     1 |     3 |     2 ||     6
 Armour: Scale mail        |    63 |    82 |    50 |       ||   195
         Plate armour      |       |       |   112 |   294 ||   406
  Dodge: Dodged            |    45 |    74 |    88 |   132 ||   339
  Block: Buckler           |    14 |    34 |    59 |   119 ||   226
